 Dungeon Crawl Stone Soup version 0.31.0-12-g77e489cdc1 (webtiles) character file.

Game seed: 339586828244134025

24629 mrhuddles the Basher (level 12, -20/172 HPs)
             Began as a Minotaur Berserker on Mar 2, 2024.
             Was a High Priest of Trog.
             Demolished by an eight-headed hydra simulacrum (37 damage)
             ... on level 2 of the Lair of Beasts.
             The game lasted 01:34:44 (12737 turns).

mrhuddles the Basher (Minotaur Berserker)          Turns: 12737, Time: 01:34:47

Health: -20/172    AC: 18    Str: 33    XL:     12   Next: 82%
Magic:  11/11      EV: 15    Int:  4    God:    Trog [*****.]
Gold:   658        SH:  5    Dex: 14    Spells: 11/11 levels left

rFire   . . .        A - +3 flail (protect)
rCold   . . .        (no shield)
rNeg    . . .        E - +4 ring mail
rPois   +            (helmet restricted)
rElec   .            b - scarf {harm}
rCorr   .            (no gloves)
SInv    .            (no boots)
Will    .....        i - amulet "Tufratt" {Reflect Regen+ Dex+4 SH+5} Stlth
                     T - ring of poison resistance
HPRegen 1.28/turn    G - +6 ring of strength
MPRegen 0.12/turn

%: harm (+30% outgoing, +20% incoming), reflection
@: berserking (expiring), under a protective aura, very quick
A: horns 2, retaliatory headbutt, poison resistance, inability to drink after
injury 1, MP-powered wands, persistent drain
a: Renounce Religion, Berserk, Trog's Hand, Brothers in Arms


You were on level 2 of the Lair of Beasts.
You worshipped Trog.
Trog was extremely pleased with you.
You visited 3 branches of the dungeon, and saw 13 of its levels.
You also visited: Bailey.

You collected 658 gold pieces.

Inventory:

Hand Weapons
 a - a +2 hammer of holy wrath
 g - a +0 sling
 A - a +3 flail of protection (weapon)
 N - a +3 dire flail
 V - a +1 antimagic long sword
Missiles
 d - 83 stones (quivered)
Armour
 b - a scarf of harm (worn)
 E - a +4 ring mail (worn)
 F - +0 steam dragon scales
Jewellery
 h - a ring of protection from fire
 i - the amulet "Tufratt" (around neck) {Reflect Regen+ Dex+4 SH+5}
   (You found it on level 3 of the Dungeon)

   [amulet of reflection]

   Reflect:   It reflects blocked missile attacks.
   Dex+4:     It affects your dexterity (+4).
   Regen+:    It increases your rate of health regeneration.
   SH+5:      It affects your SH (+5).
 l - a ring of flight
 G - a +6 ring of strength (right hand)
 J - a +4 ring of slaying
 O - a +6 ring of dexterity
 Q - a +4 ring of protection
 T - a ring of poison resistance (left hand)
Wands
 c - a wand of digging (11)
 q - a wand of flame (16)
 u - a wand of iceblast (31)
 w - a wand of mindburst (17)
 y - a wand of polymorph (4)
 P - a wand of charming (4)
 R - a wand of quicksilver (4)
Scrolls
 e - a scroll of revelation {unknown}
 m - 6 scrolls of identify {unknown}
 o - 5 scrolls of fear {unknown}
 p - a scroll of poison {unknown}
 s - 6 scrolls of teleportation
 x - a scroll of torment {unknown}
 z - a scroll of silence {unknown}
 C - a scroll of brand weapon {unknown}
 H - a scroll of enchant armour {unknown}
 K - a scroll of fog {unknown}
 L - 2 scrolls of enchant weapon {unknown}
 M - a scroll of summoning {unknown}
Potions
 f - 2 potions of brilliance {unknown}
 j - 5 potions of curing
 k - 2 potions of mutation
 n - a potion of haste {unknown}
 r - 2 potions of attraction {unknown}
 t - 6 potions of heal wounds
 v - a potion of lignification {unknown}
 B - 2 potions of might {unknown}
 D - a potion of degeneration {unknown}
 I - a potion of magic {unknown}
 S - a potion of cancellation {unknown}
 U - a potion of berserk rage {unknown}


   Skills:
 + Level 13.1 Fighting
 + Level 4.9(10.1) Axes
 - Level 13.6(14.0) Maces & Flails
 + Level 12.2 Armour
 + Level 8.8 Dodging
 + Level 4.0 Stealth
 + Level 8.1 Shields
 + Level 1.0 Evocations


You had 11 spell levels left.
You didn't know any spells.
Your spell library contained the following spells:

 Spells                   Type           Power      Damage    Failure   Level
 Foxfire                  Conj/Fire      0%         2x1d4     58%         1
 Magic Dart               Conj           0%         1d3       58%         1
 Cigotuvi's Dreadful Rot  Necr/Alch/Air  0%         N/A       73%         2
 Searing Ray              Conj           0%         2d4       73%         2
 Stone Arrow              Conj/Erth      0%         3d7       91%         3
 Swiftness                Air            0%         N/A       91%         3
 Tukima's Dance           Hex            0%         N/A       91%         3
 Airstrike                Air            0%         2d(0-16)  100%        4
 Animate Armour           Summ/Erth      0%         N/A       100%        4
 Fulminant Prism          Conj/Alch      0%         3d5       100%        4
 Ignite Poison            Fire/Alch      0%         N/A       100%        4
 Passage of Golubria      Tloc           0%         N/A       100%        4
 Freezing Cloud           Conj/Ice/Air   0%         6-21      100%        5
 Yara's Violent Unravell  Hex/Alch       0%         3d3       100%        5
 Plasma Beam              Fire/Air       0%         2x1d10    100%        6
 Starburst                Conj/Fire      0%         6d3       100%        6
 Lehudib's Crystal Spear  Conj/Erth      0%         10d2      100%        8
 Maxwell's Capacitive Co  Air            0%         ∞         100%        8


Dungeon Overview and Level Annotations

Branches:
Dungeon (10/15)            Temple (1/1) D:6            Lair (2/5) D:10
 Bailey (visited)
  Swamp: Lair:2-3    Shoals: Lair:2-3     Snake: Lair:2-3    Spider: Lair:2-3
    Orc: D:9-12

Altars:
Ashenzari
Cheibriados
Dithmenos
Elyvilon
Fedhas
Gozag
Hepliaklqana
Kikubaaqudgha
Makhleb
Nemelex Xobeh
Okawaru
Qazlal
Ru
Sif Muna
Trog
Uskayaw
Vehumet
Wu Jian
Xom
Yredelemnul
Zin
The Shining One

Shops:
D:4 [


Innate Abilities, Weirdness & Mutations

You have a pair of horns on your head.
You reflexively headbutt those who attack you in melee.
Your system is resistant to poisons. (rPois)
You occasionally lose the ability to drink potions when taking damage.
You expend magic power (3 MP) to strengthen your wands.
Your health recovers twice as slowly from being drained.


Message History

You hit the eight-headed hydra simulacrum.
You headbutt the eight-headed hydra simulacrum!
The eight-headed hydra simulacrum vaporises!
Trog accepts your kill.
You start resting.
You recover from your berserk rage.
You start resting.
An eight-headed hydra simulacrum is nearby!
An eight-headed hydra simulacrum is nearby!
You swap places.
Found a ring of fire, a pair of boots and a scroll labelled LIOCAIN PEIDI.
Your ogre disappears in a puff of smoke!
A red film seems to cover your vision as you go berserk!
You feel yourself moving faster!
You feel mighty!
You feel a strong urge to attack something.
The eight-headed hydra simulacrum bites you but does no damage. x2
The eight-headed hydra simulacrum misses you.
The eight-headed hydra simulacrum closely misses you.
The eight-headed hydra simulacrum bites you but does no damage.
The eight-headed hydra simulacrum bites you.
The eight-headed hydra simulacrum freezes you!!
The eight-headed hydra simulacrum bites you but does no damage.
The eight-headed hydra simulacrum completely misses you.
You bludgeon the eight-headed hydra simulacrum!!
Your weapon exudes an aura of protection.
The eight-headed hydra simulacrum is severely damaged.
You sock the eight-headed hydra simulacrum!
The eight-headed hydra simulacrum is almost destroyed.
The eight-headed hydra simulacrum bites you but does no damage.
The eight-headed hydra simulacrum bites you!
The eight-headed hydra simulacrum freezes you!!!
* * * LOW HITPOINT WARNING * * *
The eight-headed hydra simulacrum bites you!
* * * LOW HITPOINT WARNING * * *
The eight-headed hydra simulacrum freezes you!
* * * LOW HITPOINT WARNING * * *
The eight-headed hydra simulacrum bites you.
* * * LOW HITPOINT WARNING * * *
The eight-headed hydra simulacrum freezes you!!
You die...

.P..##..###......# .....
.......##........##.#....
...##.##....###...#.P.... ####
#.##..#....##..... ......##..####
##....#....#.....##...........#.#
......'...##?....#...#..........#
.###..'...#[.=...#...#.......PP#.
.# ##.'...# #Z## #..........#
.###..#...## #@.# ##.....P..#.#
......#....## ##..#.#..#......#..
......##....###...#.....#...P#..#
.......###....†..##..#.P<..###...
#...... ###...###........#.##.##
....### ##### .....######....P
.### ..... ..... #.....
##.#$...... ###...# #. .....
#....P#


You could see an eight-headed hydra simulacrum.

Vanquished Creatures
  Erica (D:8)
  A centaur warrior (D:9)
  2 two-headed ogres
  A tengu warrior (D:9)
  Pikel (D:4)
  A cyclops (D:9)
  Maurice (D:9)
  4 elephants (Lair:1)
  A torpor snail (Lair:2)
  2 cane toads (Lair:1)
  Joseph (D:7)
  2 gargoyles
  An unseen horror (D:10)
  3 rime drakes (Lair:2)
  3 komodo dragons (Lair:1)
  3 hornets
  Prince Ribbit (Lair:2)
  8 blink frogs (Lair:2)
  Sigmund (D:3)
  5 spriggans (Bailey)
  35 yaks
  A wyvern (D:9)
  A steam dragon (D:7)
  Menkaure (D:5)
  3 vampire mosquitoes (D:10)
  A hydra simulacrum (Lair:2)
  2 water moccasins
  An acid dragon (Bailey)
  4 orc warriors
  A sky beast (D:7)
  2 black bears
  6 ogres
  4 wolves (Lair:1)
  A lemure (D:4)
  6 centaurs
  A phantom (D:7)
  8 bullfrogs
  2 gnoll sergeants
  4 scorpions
  10 wights
  A blink frog simulacrum (Lair:2)
  18 killer bees
  2 howler monkeys
  A komodo dragon simulacrum (Lair:2)
  Crazy Yiuf (D:4)
  10 orc priests
  2 bombardier beetles
  2 sleepcaps
  3 water moccasin simulacra (Lair:2)
  4 hounds
  Natasha (D:3)
  2 iguanas
  Ijyb (D:3)
  Terence (D:3)
  7 orc wizards
  A polar bear simulacrum (Lair:2)
  18 gnolls
  13 adders
  2 ribbon worms (D:2)
  A dart slug (D:5)
  35 orcs
  12 ball pythons
  4 endoplasms
  3 giant cockroaches
  12 goblins
  11 hobgoblins
  4 jackals
  6 quokkas
  4 bats
  2 frilled lizards
  8 kobolds
  3 rats
332 creatures vanquished.

Vanquished Creatures (collateral kills)
  The ghost of Godo the Geomancer, a journeyman DECj of Sif Muna (Lair:2)
1 creature vanquished.

Grand Total: 333 creatures vanquished

Notes
Turn   | Place    | Note
-------+----------+-------------------------------------------
     0 | D:1      | mrhuddles the Minotaur Berserker began the quest for the
                  | Orb.
     0 | D:1      | Reached XP level 1. HP: 19/19 MP: 0/0
   463 | D:2      | Reached XP level 2. HP: 25/27 MP: 1/1
   510 | D:2      | Found an ancient bone altar of Kikubaaqudgha.
   553 | D:2      | Reached XP level 3. HP: 17/33 MP: 2/2
   754 | D:2      | Reached XP level 4. HP: 28/41 MP: 3/3
  2061 | D:2      | Reached ** piety under Trog
  2746 | D:3      | Noticed Sigmund
  2755 | D:3      | Killed Sigmund
  2756 | D:3      | Reached skill level 5 in Fighting
  2756 | D:3      | Reached XP level 5. HP: 39/48 MP: 4/4
  2813 | D:3      | Reached XP level 6. HP: 56/56 MP: 5/5
  2997 | D:3      | Identified the amulet "Tufratt" {Reflect Regen+ Dex+4 SH+5}
  3031 | D:3      | Reached skill level 5 in Armour
  3397 | D:3      | Noticed Ijyb
  3404 | D:3      | Killed Ijyb
  3561 | D:3      | Noticed Terence
  3587 | D:3      | Killed Terence
  3588 | D:3      | Reached skill level 5 in Maces & Flails
  3588 | D:3      | Reached XP level 7. HP: 61/61 MP: 6/6
  3693 | D:3      | Noticed Natasha
  3714 | D:3      | Killed Natasha
  3823 | D:4      | Found Nunathroa's Antique Armour Boutique.
  3829 | D:4      | Noticed Pikel
  3838 | D:4      | Killed Pikel
  3839 | D:4      | Reached skill level 1 in Shields
  3888 | D:4      | Gained mutation: You occasionally lose the ability to drink
                  | potions when taking damage. [potion of mutation]
  3888 | D:4      | Gained mutation: Your health recovers twice as slowly from
                  | being drained. [potion of mutation]
  3888 | D:4      | Gained mutation: Your system is resistant to poisons.
                  | (rPois) [potion of mutation]
  3888 | D:4      | Gained mutation: You expend magic power (3 MP) to
                  | strengthen your wands. [potion of mutation]
  3979 | D:4      | Found a blossoming altar of Fedhas.
  4222 | D:4      | Reached XP level 8. HP: 69/69 MP: 7/7
  4486 | D:4      | You are sucked into a shaft and drop 2 floors!
  4509 | D:6      | Reached skill level 1 in Stealth
  4611 | D:5      | Entered Level 5 of the Dungeon
  4631 | D:5      | Reached XP level 9. HP: 78/78 MP: 8/8
  4633 | D:5      | Reached *** piety under Trog
  4774 | D:4      | Found a runed translucent door.
  4775 | D:4      | Noticed Crazy Yiuf
  4782 | D:4      | Killed Crazy Yiuf
  5338 | D:5      | Noticed Menkaure
  5344 | D:5      | Killed Menkaure
  5638 | D:6      | Found a glowing silver altar of Zin.
  5796 | D:6      | Found a staircase to the Ecumenical Temple.
  5806 | Temple   | Entered the Ecumenical Temple
  5967 | D:7      | Reached skill level 10 in Maces & Flails
  6019 | D:7      | Noticed a gargoyle
  6028 | D:7      | Killed a gargoyle
  6081 | D:7      | Reached **** piety under Trog
  6082 | D:7      | Reached XP level 10. HP: 86/86 MP: 9/9
  6109 | D:7      | Noticed Joseph
  6126 | D:7      | Killed Joseph
  6550 | D:8      | Found a flagged portal.
  6565 | Bailey   | Entered a bailey
  6685 | Bailey   | Reached skill level 10 in Armour
  6685 | Bailey   | Reached skill level 5 in Dodging
  6804 | Bailey   | Noticed a two-headed ogre
  6811 | Bailey   | Killed a two-headed ogre
  6812 | Bailey   | Reached skill level 5 in Shields
  7048 | D:8      | Found a hazy altar of Hepliaklqana.
  7308 | D:8      | Noticed a two-headed ogre
  7327 | D:8      | Reached XP level 11. HP: 86/97 MP: 10/10
  7332 | D:8      | Killed a two-headed ogre
  7388 | D:8      | Found a sparkling altar of Nemelex Xobeh.
  7431 | D:8      | Noticed Erica
  7442 | D:8      | Killed Erica
  8004 | D:9      | Noticed a centaur warrior
  8005 | D:9      | Noticed a tengu warrior
  8021 | D:9      | Noticed Maurice
  8027 | D:9      | Killed Maurice
  8067 | D:9      | Killed a tengu warrior
  8068 | D:9      | Reached skill level 10 in Fighting
  8108 | D:9      | Found a broken altar of Ashenzari.
  8696 | D:9      | Killed a centaur warrior
  8952 | D:10     | Entered Level 10 of the Dungeon
  9020 | D:10     | Reached ***** piety under Trog
  9545 | D:10     | Found a staircase to the Lair.
 10360 | D:10     | Reached XP level 12. HP: 109/110 MP: 11/11
 10576 | Lair:1   | Entered Level 1 of the Lair of Beasts
 11516 | Lair:1   | You fall into a shaft and drop 1 floor!
 11648 | Lair:2   | Noticed Prince Ribbit
 11657 | Lair:2   | Killed Prince Ribbit
 12160 | Lair:1   | Got the Excursus on Electricity
 12376 | Lair:2   | Found a runed translucent gate.
 12376 | Lair:2   | Found a runed translucent gate.
 12384 | Lair:2   | Found a runed translucent gate.
 12664 | Lair:2   | Received a gift from Trog
 12682 | Lair:2   | Noticed Godo's ghost (journeyman DECj)
 12703 | Lair:2   | Killed Godo's ghost
 12704 | Lair:2   | Reached skill level 1 in Evocations
 12737 | Lair:2   | Demolished by an eight-headed hydra simulacrum

Illustrated notes

Levels and vault maps discovered:
D:1:      lightli_arrival_statuegarden, layout_loops_corners,
          nicolae_twisty_statue_hallways
D:2:      layout_loops_cross, basic_altar
D:3:      kennysheep_six_static_rooms, layout_basic, kennysheep_flooded_box,
          minmay_pentangle, uniq_sigmund, uniq_natasha, uniq_ijyb, uniq_terence
D:4:      black_bear_nest_1, layout_cave_pods, lemuel_crystal_altar,
          serial_column_ruins, column_ruins_hut_ruined, column_ruins_open_tiny,
          column_ruins_grid_2, column_ruins_columns_straight, serial_shops,
          shop_statue, uniq_pikel, uniq_crazy_yiuf_cottage
D:5:      layout_loops_cross, uniq_menkaure
D:6:      layout_cave_pools, nicolae_overflow_crystal_walls,
          minmay_temple_entry_trees
D:7:      layout_gridville, minmay_microvault, uniq_joseph
D:8:      layout_cave_pods, kennysheep_little_box, mainiacjoe_overflow_24_doors,
          enter_bailey_5, uniq_erica
D:9:      layout_basic, ashenzari_conservatory_becter, grunt_tough_drop,
          uniq_maurice
D:10:     layout_long_grid, lair_entry_dummy, minivault_27
Temple:   sentei_temple_godly_chess
Lair:1:   layout_chaotic_city, minmay_lair_oklob_items, grunt_megastairs_1
Lair:2:   layout_misc_corridors, elwin_shoals_entry_rocks, gammafunk_ghost_icy,
          uniq_prince_ribbit2

Skill      XL: |  1  2  3  4  5  6  7  8  9 10 11 12 |
---------------+-------------------------------------+-----
Axes           | 4 |  4.9
Fighting       | 4 5 6 7 9 11 13 | 13.1
Armour         | 4 5 6 8 9 10 11 12 | 12.2
Maces & Flails | 3 5 6 8 11 12 13 | 13.6
Dodging        | 3 4 5 7 8 |  8.8
Shields        | 1 2 3 5 7 8 |  8.1
Stealth        | 1 2 4 |  4.0
Evocations     | 1 |  1.0

Action                     |  1- 3 |  4- 6 |  7- 9 | 10-12 || total
---------------------------+-------+-------+-------+-------++-------
  Melee: Hand axe          |    39 |       |       |       ||    39
         Headbutt          |     6 |    13 |    43 |    87 ||   149
         Flail             |     5 |   115 |   202 |   431 ||   753
         Punch             |       |     2 |     5 |     4 ||    11
 Invoke: Berserk           |     1 |     5 |     8 |    16 ||    30
         Trog's Hand       |       |     1 |     1 |     2 ||     4
         Brothers in Arms  |       |       |       |     1 ||     1
  Evoke: Wand              |       |       |       |     7 ||     7
    Use: Potion            |     1 |       |     4 |       ||     5
         Scroll            |       |       |       |     1 ||     1
   Stab: Sleeping          |       |       |       |     2 ||     2
 Armour: Chain mail        |    49 |    80 |    80 |       ||   209
         Ring mail         |       |       |    16 |   245 ||   261
  Dodge: Dodged            |    21 |    49 |    78 |   218 ||   366
  Block: Other             |       |     5 |    34 |    68 ||   107
         Reflection        |       |       |     4 |     4 ||     8
